 Dungeon Crawl Stone Soup version 0.22-a0-402-ga933591 (webtiles) character file.

11820 Mgcat the Grappler (level 11, -6/116 (117) HPs)
             Began as a Troll Monk on May 7, 2018.
             Was a High Priest of Okawaru.
             Mangled by a six-headed hydra (7 damage)
             ... on level 11 of the Dungeon.
             The game lasted 00:33:26 (10375 turns).

Mgcat the Grappler (Troll Monk)                    Turns: 10375, Time: 00:33:27

HP:   -6/116 (117)  AC:  5    Str: 25      XL:     11   Next: 54%
MP:   18/21         EV: 12    Int:  7      God:    Okawaru [*****.]
Gold: 426           SH:  0    Dex: 11 (12) Spells: 10/10 levels left

rFire    + + +     SeeInvis +   a - +12 spear of Valour {pierce, +Inv rF+++ Str-4 SInv}
rCold    + . .     Gourm    +   (no shield)
rNeg     . . .     Faith    .   m - +0 robe
rPois    .         Spirit   .   (helmet restricted)
rElec    .         Reflect  .   (no cloak)
rCorr    .         Harm     .   (gloves unavailable)
MR       .....                  (boots unavailable)
Stlth    +.........             A - amulet "Meexay" {+Blink +Rage Str+6}
HPRegen  0.69/turn              c - ring of protection from cold {rC+, !d}
MPRegen  0.17/turn              D - ring of magical power {MP+9}

@: no status effects
A: large, unfitting armour, claws 3, fast metabolism 3, gourmand, regeneration
1, shaggy fur 1, tough skin 2
a: Heroism, Finesse, Renounce Religion, Evoke Blink, Evoke Berserk Rage, Evoke
Invisibility


You were on level 11 of the Dungeon.
You worshipped Okawaru.
Okawaru was extremely pleased with you.
You were very full.

You visited 1 branch of the dungeon, and saw 11 of its levels.
You also visited: Ossuary.

You collected 535 gold pieces.
You spent 109 gold pieces at shops.

Inventory:

Hand Weapons
 a - the +12 spear of Valour (weapon) {pierce, +Inv rF+++ Str-4 SInv}
   (You found it on level 8 of the Dungeon)

   It inflicts extra damage upon your enemies.
   It affects your strength (-4).
   It renders you almost immune to fire.
   It lets you see invisible.
   It lets you turn invisible.
 B - the +9 mace of Obsession {protect, rN++ MR++ Str-2}
   (You found it on level 11 of the Dungeon)

   It protects the one who uses it against injury (+AC on strike).
   It affects your strength (-2).
   It greatly protects you from negative energy.
   It affects your resistance to hostile enchantments.
Missiles
 v - 7 curare-tipped needles
Armour
 m - a +0 robe (worn)
Jewellery
 c - a ring of protection from cold (left claw) {rC+, !d}
   (You found it on level 5 of the Dungeon)
 t - an uncursed amulet of regeneration {unknown}
   (You took it off a crimson imp on level 11 of the Dungeon)
 y - an uncursed amulet of the acrobat
   (You took it off an orc on level 5 of the Dungeon)
 A - the amulet "Meexay" (around neck) {+Blink +Rage Str+6}
   (You found it on level 11 of the Dungeon)

   [amulet of rage]

   It affects your strength (+6).
   It lets you blink.
   It lets you go berserk.
 D - a ring of magical power (right claw) {MP+9}
   (You found it on level 6 of the Dungeon)
Wands
 g - a wand of acid (7)
   (You took it off Erolcha on level 10 of the Dungeon)
 j - a wand of polymorph (8)
   (You found it on level 10 of the Dungeon)
 p - a wand of paralysis (13)
   (You found it on level 9 of the Dungeon)
 q - a wand of digging (9)
   (You found it on level 9 of the Dungeon)
 w - a wand of flame (34)
   (You found it on level 4 of the Dungeon)
 C - a wand of iceblast (15)
   (You found it on level 6 of the Dungeon)
Scrolls
 e - 2 scrolls of enchant weapon
 f - 3 scrolls of fear {unknown}
 h - 8 scrolls of remove curse
 i - 4 scrolls of teleportation
 k - a scroll of silence {unknown}
 s - 5 scrolls of magic mapping {!r}
Potions
 d - 4 potions of brilliance
 l - 2 potions of invisibility
 n - 2 potions of resistance
 o - a potion of cancellation
 r - 2 potions of lignification {!q}
 u - 3 potions of mutation {!q}
 x - 3 potions of curing
 z - 3 potions of flight
Comestibles
 b - 20 rations


   Skills:
 + Level 10.1 Fighting
 + Level 5.0 Polearms
 + Level 6.7 Dodging
 - Level 1.0 Stealth
 - Level 10.4 Unarmed Combat
 + Level 2.9 Invocations
 + Level 1.4 Evocations


You had 10 spell levels left.
You didn't know any spells.

Dungeon Overview and Level Annotations

Branches:
Dungeon (11/15)            Temple (0/1) D:7            Lair (0/6) D:10
    Orc: D:9-12

Altars:
Cheibriados
Dithmenos
Gozag
Okawaru
Qazlal
Sif Muna
Uskayaw
Vehumet
Xom

Shops:
D:6 %*(   D:11 [

Portals:
Trove: D:10 (give 8 scrolls of blinking)


Innate Abilities, Weirdness & Mutations

You are too large for most types of armour.
You have claws for hands.
Your metabolism is lightning-fast.
You like to eat raw meat.
Your natural rate of healing is unusually fast.
You are covered in fur. (AC +1)
You have very tough skin. (AC +2)


Message History

Aim: a quasit (moderately wounded)
The jackal barks!
You hit the quasit.
The quasit is heavily wounded.
The quasit bites you but does no damage.
The quasit claws you. The quasit closely misses you.
Attack whom?
Press: ? - help, Dir - move target cursor, f/p - quasit
Aim: a quasit (heavily wounded)
You puncture the quasit!
You kill the quasit!
Okawaru accepts your kill.
A crimson imp comes into view.
Attack whom?
Press: ? - help, Dir - move target cursor, f - you That would be overly suicidal.
Okay, then.
Unknown command.
Unknown command.
Unknown command.
The jackal bites you but does no damage.
You see here a scimitar.
You are too injured to fight recklessly!
You are too injured to fight recklessly!
You are too injured to fight recklessly!
You are too injured to fight recklessly!
You are too injured to fight recklessly!
You are too injured to fight recklessly!
You are too injured to fight recklessly!
You puncture the jackal!
You kill the jackal!
Okawaru accepts your kill.
Things that are here:
a scimitar; a jackal corpse You are too injured to fight recklessly!
The crimson imp shouts!
A six-headed hydra comes into view.
The crimson imp hits you but does no damage.
The crimson imp blinks!
All of the chunks of flesh in your inventory have rotted away.
The crimson imp hits you.
Things that are here:
a scimitar; a jackal corpse The crimson imp blinks!
You can now deal lightning-fast blows.
You gain the combat prowess of a mighty hero.
Things that are here:
a scimitar; a jackal corpse You barely miss the crimson imp.
The crimson imp hits you but does no damage.
You hit the crimson imp.
The crimson imp is lightly wounded.
You closely miss the crimson imp.
The crimson imp is lightly wounded.
You puncture the crimson imp!
You kill the crimson imp!
Okawaru accepts your kill.
t - a twisted fluorescent amulet Your claws slow down.
A manticore comes into view.
The six-headed hydra roars!
The manticore bites something but does no damage.
The manticore claws something but does no damage. x2
You barely miss the six-headed hydra.
Okay, then.
Unknown command.
You puncture the six-headed hydra! Your claw misses the six-headed hydra.
The six-headed hydra is moderately wounded.
You feel like a meek peon again.
The six-headed hydra bites you but does no damage.
The six-headed hydra bites you! x2; The six-headed hydra bites you.
The six-headed hydra bites you but does no damage.
The six-headed hydra misses you.
You puncture the six-headed hydra!
The six-headed hydra is heavily wounded.
The six-headed hydra bites you. The six-headed hydra bites you!
The six-headed hydra barely misses you.
The six-headed hydra bites you but does no damage.
The six-headed hydra bites you.
The six-headed hydra bites you but does no damage.
You puncture the six-headed hydra!
The six-headed hydra is heavily wounded.
You puncture the six-headed hydra!
The six-headed hydra is severely wounded.
The six-headed hydra bites you but does no damage.
The six-headed hydra bites you. The six-headed hydra bites you! x2
* * * LOW HITPOINT WARNING * * *
The six-headed hydra bites you!
* * * LOW HITPOINT WARNING * * *
The six-headed hydra bites you!
* * * LOW HITPOINT WARNING * * *
Unknown command.
Unknown command.
The six-headed hydra bites you.
* * * LOW HITPOINT WARNING * * *
The six-headed hydra bites you!
* * * LOW HITPOINT WARNING * * *
The six-headed hydra closely misses you.
The six-headed hydra bites you!
You die...

....### #....♣
..♣.♣.≈.♣..... .#...
#...P♣H..P♣.≈≈≈...... .
#...#######...P♣...
P≈≈≈≈≈P.... . ..........P.#
PP.≈≈≈...... . ..........P#
#.♣.≈.♣P.... . ..........P#
#P♣.P♣P..... .
..........P## ##...........
.........DPP###.........##.
..........@PPP..........##.
.....................#..###
........#......#####.##.#
........##....#..)......###
........#####...####.##..##
........# ##### #.###.#.
........# #.# #)#.
.......## #.# #... #######
######.###..#


You could see a six-headed hydra.

Vanquished Creatures
  Erolcha (D:10)
  2 two-headed ogres (D:11)
  2 manticores (D:11)
  An elephant (D:10)
  A centaur skeleton (D:11)
  A troll (D:10)
  3 hippogriffs
  3 yaks (D:11)
  A basilisk (D:10)
  The ghost of Roran the Ruffian, an amateur NaTm (D:4)
  A hungry ghost (D:10)
  A water moccasin (D:9)
  6 orc warriors
  8 sky beasts
  4 ice beasts
  A phantom (D:4)
  3 ogres
  A necrophage (D:10)
  5 centaurs
  2 crocodiles (D:10)
  A big kobold (D:8)
  4 elf zombies (Ossuary)
  Blork the orc (D:4)
  7 bullfrogs
  2 scorpions (D:5)
  A water moccasin skeleton (D:4)
  9 wights
  8 crimson imps
  A howler monkey (D:9)
  6 centaur zombies
  A quasit (D:11)
  2 bullfrog zombies
  2 hounds
  9 orc priests
  3 bullfrog skeletons
  A gnoll shaman (D:5)
  3 human zombies (Ossuary)
  6 jellies
  13 orc wizards
  4 iguanas
  9 worker ants
  3 hound skeletons
  3 mummies (Ossuary)
  A worker ant zombie (D:6)
  12 gnolls
  15 adders
  4 shadow imps
  An ooze (D:5)
  2 adder skeletons
  An adder zombie (D:6)
  4 worms
  3 dart slugs
  5 leopard geckos
  68 orcs
  12 bats
  6 giant cockroaches
  5 goblins
  8 hobgoblins
  21 jackals
  10 kobolds
  2 quokkas
  3 ball pythons
  A ball python skeleton (D:4)
  5 frilled lizards
  A leopard gecko skeleton (D:5)
  A quokka zombie (D:9)
  11 rats
349 creatures vanquished.

Notes
Turn   | Place    | Note
-------+----------+-------------------------------------------
     0 | D:1      | Mgcat the Troll Monk began the quest for the Orb.
     0 | D:1      | Reached XP level 1. HP: 22/22 MP: 0/0
    68 | D:1      | Reached XP level 2. HP: 29/29 MP: 1/1
   221 | D:1      | Reached skill level 3 in Fighting
   270 | D:1      | Reached XP level 3. HP: 37/37 MP: 2/2
   837 | D:2      | Reached skill level 4 in Unarmed Combat
   888 | D:2      | Reached XP level 4. HP: 37/45 MP: 3/3
  1046 | D:2      | Noticed an ogre
  1056 | D:2      | HP: 1/45 [ogre/giant spiked club (27)]
  1188 | D:3      | Killed an ogre
  1188 | D:3      | Reached skill level 4 in Fighting
  1188 | D:3      | Reached XP level 5. HP: 54/54 MP: 4/4
  2163 | D:4      | Noticed a centaur
  2169 | D:4      | Killed a centaur
  2169 | D:4      | Reached skill level 5 in Unarmed Combat
  2169 | D:4      | Reached XP level 6. HP: 45/63 MP: 5/5
  2216 | D:4      | Found a hide-covered altar of Uskayaw.
  2370 | D:4      | Found a sand-covered staircase.
  2378 | Ossuary  | Entered an ossuary
  2394 | Ossuary  | Reached skill level 6 in Unarmed Combat
  2398 | Ossuary  | Reached skill level 5 in Fighting
  2398 | Ossuary  | Reached XP level 7. HP: 59/72 MP: 6/6
  2523 | Ossuary  | Reached skill level 7 in Unarmed Combat
  2556 | Ossuary  | Reached skill level 6 in Fighting
  2556 | Ossuary  | Reached XP level 8. HP: 38/83 MP: 7/7
  2637 | D:4      | Noticed Roran's ghost (amateur NaTm)
  2955 | D:4      | Killed Roran's ghost
  2955 | D:4      | Reached skill level 8 in Unarmed Combat
  3229 | D:4      | Reached skill level 7 in Fighting
  3542 | D:4      | Found a shimmering altar of Xom.
  3545 | D:4      | Found a radiant altar of Vehumet.
  3548 | D:4      | Found an opulent altar of Gozag.
  3591 | D:5      | Entered Level 5 of the Dungeon
  3594 | D:5      | Noticed Blork the orc
  3606 | D:4      | Killed Blork the orc
  3900 | D:5      | Reached XP level 9. HP: 45/93 MP: 8/8
  4076 | D:5      | Reached skill level 9 in Unarmed Combat
  4815 | D:6      | Found Uthot Nesarr's Antique Weapon Shoppe.
  4980 | D:6      | Reached skill level 8 in Fighting
  4999 | D:6      | Found Qeazierph's General Store.
  5002 | D:6      | Bought a scroll of magic mapping for 38 gold pieces
  5002 | D:6      | Bought a potion of curing for 33 gold pieces
  5002 | D:6      | Bought a scroll of magic mapping for 38 gold pieces
  5057 | D:6      | Found a shadowy altar of Dithmenos.
  5115 | D:6      | HP: 24/96 [orc warrior/trident of venom (12)]
  5116 | D:6      | HP: 11/96 [orc warrior/trident of venom (9)]
  5126 | D:6      | HP: 16/96 [orc warrior/trident of venom (13)]
  5309 | D:6      | Found Kaneju's Food Shoppe.
  5420 | D:6      | Found a stormy altar of Qazlal.
  5628 | D:7      | Reached skill level 3 in Dodging
  5738 | D:7      | Reached skill level 10 in Unarmed Combat
  5869 | D:7      | Found a staircase to the Ecumenical Temple.
  5913 | D:7      | Found an iron altar of Okawaru.
  6000 | D:7      | Became a worshipper of Warmaster Okawaru
  6000 | D:7      | Reached * piety under Okawaru
  6000 | D:7      | Reached ** piety under Okawaru
  6340 | D:8      | HP: 21/97 [orc warrior/dire flail (20)]
  6624 | D:8      | Reached skill level 4 in Dodging
  6624 | D:8      | Reached XP level 10. HP: 106/106 MP: 9/9
  7190 | D:8      | Found a snail-covered altar of Cheibriados.
  7210 | D:8      | Got a fine spear
  7211 | D:8      | Identified the +12 spear of Valour {pierce, +Inv rF+++ Str-4 SInv} (You found it on level 8 of the Dungeon)
  7431 | D:9      | Reached skill level 1 in Polearms
  7645 | D:9      | Reached skill level 9 in Fighting
  7935 | D:9      | Found a deep blue altar of Sif Muna.
  7941 | D:9      | Reached skill level 2 in Polearms
  8193 | D:9      | Reached *** piety under Okawaru
  8443 | D:10     | Entered Level 10 of the Dungeon
  8504 | D:10     | Found a staircase to the Lair.
  8505 | D:10     | Noticed an elephant
  8530 | D:10     | Killed an elephant
  8530 | D:10     | Reached skill level 5 in Dodging
  8635 | D:10     | Reached skill level 3 in Polearms
  8912 | D:10     | Noticed Erolcha
  8921 | D:10     | HP: 24/107 [Erolcha/enchanted giant club (28)]
  8923 | D:10     | Killed Erolcha
  9060 | D:10     | Reached **** piety under Okawaru
  9130 | D:10     | Found a portal to a secret trove of treasure.
  9343 | D:10     | Reached skill level 4 in Polearms
  9347 | D:10     | Reached XP level 11. HP: 84/116 MP: 10/10
  9386 | D:10     | Reached skill level 6 in Dodging
  9504 | D:11     | Noticed a two-headed ogre
  9669 | D:11     | Reached skill level 1 in Invocations
  9753 | D:11     | Noticed a two-headed ogre
  9784 | D:11     | Killed a two-headed ogre
  9784 | D:11     | Reached ***** piety under Okawaru
  9864 | D:11     | Reached skill level 2 in Invocations
  9870 | D:11     | Got a crude golden amulet
  9872 | D:11     | Identified the amulet "Meexay" {+Blink +Rage Str+6} (You found it on level 11 of the Dungeon)
  9903 | D:11     | Reached skill level 10 in Fighting
 10082 | D:11     | Noticed a two-headed ogre
 10101 | D:11     | Killed a two-headed ogre
 10101 | D:11     | Reached skill level 1 in Evocations
 10113 | D:11     | Got an ancient mace
 10120 | D:11     | Identified the +9 mace of Obsession {protect, rN++ MR++ Str-2} (You found it on level 11 of the Dungeon)
 10219 | D:11     | Found Juk Ome's Armour Shoppe.
 10310 | D:11     | Reached skill level 5 in Polearms
 10338 | D:11     | Noticed a six-headed hydra
 10372 | D:11     | HP: 18/116 [six-headed hydra (14)]
 10372 | D:11     | HP: 8/116 [six-headed hydra (10)]
 10375 | D:11     | HP: 1/116 [six-headed hydra (7)]
 10375 | D:11     | Mangled by a six-headed hydra

Vault maps used:
D:1:      minmay_arrival_glassed_features, dk_noncrumbling_3
D:3:      grunt_ministairs_10
D:4:      overflow_temple_1_default, grunt_temple_overflow_diamond,
          nicolae_ossuary_entry_plus, hangedman_glass_teeth,
          hangedman_decor_opposing, serial_bayou_pond_d, minmay_close_crescents
D:5:      first_ration, corexii_shack, hangedman_abyss_or_decor_lesser_grid,
          hangedman_decor_lopped, uniq_blork_the_orc
D:6:      nicolae_overflow_hidden_temple, serial_shops, kennysheep_mini_moat,
          shop, nicolae_shop_stone, grunt_dithmenos_smoke_and_mirrors
D:7:      kennysheep_mini, temple_pool_b
D:8:      serial_column_ruins, column_ruins_courtyard_long,
          column_ruins_temple_circle, column_ruins_open_small,
          column_ruins_open_tiny, column_ruins_grid_4, column_ruins_open_medium,
          column_ruins_columns_straight
D:9:      kennysheep_orc_sif_temple, special_room
D:10:     david_lair_generic, nicolae_trove_entry_columns, uniq_erolcha
D:11:     serial_park, serial_park_gazebo, serial_park_avenue1, serial_shops,
          shop
Ossuary:  ossuary_minmay_four_chambers

Skill      XL: |  1  2  3  4  5  6  7  8  9 10 11 |
---------------+----------------------------------+-----
Fighting       | 3 4 5 6 7 8 9 10 | 10.1
Unarmed Combat | 4 5 6 7 8 10 | 10.4
Dodging        | 4 5 6 |  6.7
Polearms       | 4 5 |  5.0
Invocations    | 2 |  2.9
Evocations     | 1 |  1.4
Stealth        | |  1.0

Action                   |  1- 3 |  4- 6 |  7- 9 | 10-12 || total
-------------------------+-------+-------+-------+-------++-------
Melee: Unarmed           |    93 |   140 |   438 |    34 ||   705
       Punch             |       |     4 |    21 |    23 ||    48
       Spear             |       |       |       |   365 ||   365
Invok: Heroism           |       |       |       |     2 ||     2
       Finesse           |       |       |       |     1 ||     1
  Use: Potion            |       |     1 |     7 |     1 ||     9
       Scroll            |       |       |    16 |     2 ||    18
 Stab: Sleeping          |     3 |       |     2 |     1 ||     6
       Distracted        |       |     1 |       |     2 ||     3
       Invisible         |       |       |     3 |       ||     3
  Eat: Chunk             |    14 |    13 |    39 |    43 ||   109
Armor: Robe              |    38 |    40 |    59 |    78 ||   215
Dodge: Dodged            |    52 |    83 |   173 |   187 ||   495

Table legend:
 A = Spawn XP
 B = Non-spawn XP
 C = Spawn XP percentage of total XP
 D = Spawn monster count
 E = Non-spawn monster count
 F = Spawn count percentage of total count
 G = Total turns spent on level
                    A         B        C        D         E        F      G
               +---------+---------+-------+---------+---------+-------+---------
         Total |       0 |   16886 |   0.0 |       0 |     349 |   0.0 | 10375
               +---------+---------+-------+---------+---------+-------+---------
           D:1 |       0 |      54 |   0.0 |       0 |      32 |   0.0 |   632
           D:2 |       0 |     100 |   0.0 |       0 |      30 |   0.0 |  1149
           D:3 |       0 |     148 |   0.0 |       0 |       8 |   0.0 |   398
           D:4 |       0 |    1369 |   0.0 |       0 |      41 |   0.0 |  1202
           D:5 |       0 |     904 |   0.0 |       0 |      41 |   0.0 |  1160
           D:6 |       0 |     649 |   0.0 |       0 |      25 |   0.0 |   871
           D:7 |       0 |     950 |   0.0 |       0 |      19 |   0.0 |   729
           D:8 |       0 |     966 |   0.0 |       0 |      28 |   0.0 |   945
           D:9 |       0 |    1677 |   0.0 |       0 |      53 |   0.0 |  1225
          D:10 |       0 |    3896 |   0.0 |       0 |      32 |   0.0 |  1044
          D:11 |       0 |    5378 |   0.0 |       0 |      25 |   0.0 |   789
       Ossuary |       0 |     795 |   0.0 |       0 |      15 |   0.0 |   231
               +---------+---------+-------+---------+---------+-------+---------

Vault maps used:
D:1:      minmay_arrival_glassed_features, dk_noncrumbling_3
D:3:      grunt_ministairs_10
D:4:      overflow_temple_1_default, grunt_temple_overflow_diamond,
          nicolae_ossuary_entry_plus, hangedman_glass_teeth,
          hangedman_decor_opposing, serial_bayou_pond_d, minmay_close_crescents
D:5:      first_ration, corexii_shack, hangedman_abyss_or_decor_lesser_grid,
          hangedman_decor_lopped, uniq_blork_the_orc
D:6:      nicolae_overflow_hidden_temple, serial_shops, kennysheep_mini_moat,
          shop, nicolae_shop_stone, grunt_dithmenos_smoke_and_mirrors
D:7:      kennysheep_mini, temple_pool_b
D:8:      serial_column_ruins, column_ruins_courtyard_long,
          column_ruins_temple_circle, column_ruins_open_small,
          column_ruins_open_tiny, column_ruins_grid_4, column_ruins_open_medium,
          column_ruins_columns_straight
D:9:      kennysheep_orc_sif_temple, special_room
D:10:     david_lair_generic, nicolae_trove_entry_columns, uniq_erolcha
D:11:     serial_park, serial_park_gazebo, serial_park_avenue1, serial_shops,
          shop
Ossuary:  ossuary_minmay_four_chambers

Table legend:
 A = Turns spent in this place as a percentage of turns spent in the entire game.
 B = Non-inter-level travel turns spent in this place as a percentage of non-inter-level travel turns spent in the entire game.
 C = Inter-level travel turns spent in this place as a percentage of turns spent in this place.
 D = Turns resting spent in this place as a percentage of non-inter-level travel turns spent in this place.
 E = Turns spent auto-exploring this place as a percentage of non-inter-level travel turns spent in this place.
 F = Non-inter-level travel turns spent in this place divided by the number of levels of this place that you've seen.
                   A       B       C       D       E      F
               +-------+-------+-------+-------+-------+----------------------
         Total | 100.0 | 100.0 |   6.1 |   0.7 |  72.4 | 811.7
       Dungeon |  97.8 |  97.6 |   6.3 |   0.7 |  73.0 | 864.5
       Ossuary |   2.2 |   2.4 |   0.0 |   0.0 |  46.8 | 231.0
               +-------+-------+-------+-------+-------+----------------------

Table legend:
 A = Kills in this place as a percentage of kills in entire the game.
 B = Kills by you in this place as a percentage of kills by you in the entire game.
 C = Kills by friends in this place as a percentage of kills by friends in the entire game.
 D = Other kills in this place as a percentage of other kills in the entire game.
 E = Experience gained in this place as a percentage of experience gained in the entire game.
 F = Experience gained in this place divided by the number of levels of this place that you have seen.
                   A       B       C       D       E      F
               +-------+-------+-------+-------+-------+----------------------
         Total | 100.0 | 100.0 |   N/A |   N/A | 100.0 | 1407.2
       Dungeon |  95.7 |  95.7 |   N/A |   N/A |  95.3 | 1462.8
       Ossuary |   4.3 |   4.3 |   N/A |   N/A |   4.7 | 795.0
               +-------+-------+-------+-------+-------+----------------------
